 Dungeon Crawl Stone Soup version 0.15.0-16-gce31824 (webtiles) character file.

235 Gravenous the Chopper (level 5, 0/45 HPs)
             Began as a Minotaur Air Elementalist on Sept 6, 2014.
             Slain by an iguana (9 damage)
             ... on Level 4 of the Dungeon.
             The game lasted 00:07:33 (3807 turns).

Gravenous the Chopper (Minotaur Air Elementalist)   Turns: 3807, Time: 00:07:34

HP   0/45        AC  7     Str 14      XL: 5   Next: 76%
MP   0/4         EV  9     Int 12      God:
Gold 193         SH  0     Dex 10      Spells:  1 memorised,  5 levels left

rFire  . . .     SeeInvis .     j - +0 dagger (holy)
rCold  . . .     Clarity  .     y - +0 ring mail
rNeg   . . .     rCorr    .     (no shield)
rPois  .         rRot     .     (helmet restricted)
rElec  .         Spirit   .     q - +0 cloak
SustAb .         Warding  .     (no gloves)
rMut   .         Stasis   .     (no boots)
Gourm  .                        k - amulet of faith
MR     .....                    (no ring)
                                (no ring)

@: not resistant to hostile enchantments, very unstealthy
A: retaliatory headbutt, horns 2
a: no special abilities


You were on level 4 of the Dungeon.
You were not hungry.

You visited 1 branch of the dungeon, and saw 4 of its levels.

You collected 193 gold pieces.

Inventory:

Hand weapons
 e - a +0 dagger
 j - a +0 dagger of holy wrath (weapon)
 s - a +0 war axe
Armour
 a - a +0 robe
 i - a +0 leather armour
 q - a +0 cloak (worn)
 u - a +0 plate armour
 y - a +0 ring mail (worn)
Comestibles
 c - a bread ration
 d - a chunk of giant gecko flesh
 g - a slice of pizza
 h - 3 beef jerkies
 o - 4 meat rations
 x - 5 fruits
Scrolls
 l - a scroll of magic mapping {unknown}
 m - a scroll of fear {unknown}
 n - a scroll of noise {unknown}
 p - 2 scrolls of teleportation
 r - 2 scrolls of immolation {unknown}
 v - 2 scrolls of identify {unknown}
 w - a scroll of blinking {unknown}
Jewellery
 k - an amulet of faith (around neck)
 t - an uncursed amulet of stasis {unknown}
Books
 b - a book of Air

   Spells                             Type                      Level
   *Shock                             Conjuration/Air              1
   Swiftness                          Charms/Air                   2
   Repel Missiles                     Charms/Air                   2
   Flight                             Charms/Air                   3
   Static Discharge                   Conjuration/Air              3
   Lightning Bolt                     Conjuration/Air              5


   Skills:
 - Level 3.1 Fighting
 * Level 4.1 Axes
 + Level 3.8 Armour
 - Level 2.1 Dodging
 - Level 1.5 Stealth
 - Level 1.3 Spellcasting
 - Level 0.6 Conjurations
 - Level 2.1 Air Magic


You had 5 spell levels left.
You knew the following spells:

 Your Spells              Type           Power        Failure   Level  Hunger
a - Shock                 Conj/Air       #...         21%         1    ##.....


Dungeon Overview and Level Annotations

Branches:
Dungeon (4/15)
 Temple: D:4-7

Altars:
Zin


Innate Abilities, Weirdness & Mutations

You reflexively headbutt those who attack you in melee.
You have a pair of horns on your head.


Message History

The iguana is severely wounded.
The iguana bites you.
* * * LOW HITPOINT WARNING * * *
Unknown command.
You aren't carrying any potions.
Read which item? (? for menu, Esc to quit)
Okay, then.
That item cannot be evoked!
The iguana barely misses you.
Your magical contamination has completely faded away.
Casting: Shock
Confirm with . or Enter, or press ? or * to list all spells.
Aiming: Shock
Press: ? - help, Shift-Dir - straight line, f/p - iguana
Aim: an iguana (severely wounded)
The zap hits the iguana.
The iguana appears unharmed.
The iguana is severely wounded.
The zap hits the hound skeleton.
The zap misses the hound skeleton.
The iguana bites you!
You die...

### ########.#
#........#
#.######Z##########
#.# #l##.......#
#Z# #@##.#######
#.# #.##.# #)#
#....# #)# ######
#.# #########
#.###>........
#)..gl......!.
#####.######## #.#


You could see an iguana and a hound skeleton.

Vanquished Creatures
  A phantom (D:4)
  Jessica (D:3)
  6 adders
  3 worms
  A giant gecko (D:4)
  2 orcs
  2 giant cockroaches
  6 goblins
  6 hobgoblins
  7 kobolds
  A quokka (D:2)
  2 ball pythons
  10 bats
  4 giant newts
  A jackal skeleton (D:4)
  20 rats
73 creatures vanquished.

Notes
Turn   | Place    | Note
--------------------------------------------------------------
     0 | D:1      | Gravenous, the Minotaur Air Elementalist, began the quest for the Orb.
     0 | D:1      | Reached XP level 1. HP: 14/14 MP: 2/2
   391 | D:1      | Reached skill level 1 in Fighting
   460 | D:1      | Reached XP level 2. HP: 21/23 MP: 0/2
   482 | D:1      | Reached skill level 1 in Armour
  1057 | D:2      | Reached XP level 3. HP: 28/30 MP: 0/3
  1263 | D:2      | Reached skill level 3 in Fighting
  1584 | D:2      | Reached XP level 4. HP: 30/38 MP: 4/4
  1799 | D:2      | Reached skill level 1 in Axes
  2108 | D:2      | Found a glowing silver altar of Zin.
  2865 | D:3      | Noticed Jessica
  2881 | D:3      | Killed Jessica
  3143 | D:3      | Reached XP level 5. HP: 39/45 MP: 4/4
  3518 | D:4      | Noticed a phantom
  3541 | D:4      | Killed a phantom
  3541 | D:4      | Reached skill level 4 in Axes
  3807 | D:4      | Slain by an iguana

Action                   |  1- 3 |  4- 6 || total
-------------------------+-------+-------++-------
Melee: Unarmed           |    11 |       ||    11
       Dagger            |    97 |   178 ||   275
 Cast: Shock             |    11 |     8 ||    19
  Use: Potion            |       |     3 ||     3
       Scroll            |       |     1 ||     1
 Stab: Sleeping          |     1 |       ||     1
  Eat: Chunk             |     2 |     5 ||     7
       Bread ration      |       |     1 ||     1
